 Dungeon Crawl Stone Soup version 0.31-a0-233-g139696dc86 (webtiles) character file.

Game seed: 16396873069142734745

165 qw the Shooter (level 5, 0/30 HPs)
             Began as a Gargoyle Hexslinger on July 8, 2023.
             Slain by a gnoll
             ... wielding a +0 spear
              (3 damage)
             ... on level 4 of the Dungeon.
             The game lasted 00:01:10 (2220 turns).

qw the Shooter (Gargoyle Hexslinger)                Turns: 2220, Time: 00:01:11

Health: 0/30       AC: 10    Str: 12    XL:     5   Next: 46%
Magic:  6/6        EV: 10    Int: 13    God:
Gold:   93         SH:  0    Dex: 14    Spells: 5/6 levels left

rFire   . . .        Y - +2 sling
rCold   . . .        (no shield)
rNeg    + . .        f - +0 ring mail
rPois   inf          a - +0 helmet
rElec   +            (no cloak)
rCorr   .            (no gloves)
SInv    +            (no boots)
Will    .....        (no amulet)
Stlth   +            i - ring of see invisible
HPRegen 0.25/turn    (no ring)
MPRegen 0.10/turn

%: no passive effects
@: about to teleport
A: sickness immunity, AC +4, negative energy resistance 1, electricity
resistance, torment resistance 1, petrification resistance
a: no special abilities


You were on level 4 of the Dungeon.
You visited 1 branch of the dungeon, and saw 4 of its levels.

You collected 93 gold pieces.


Innate Abilities, Weirdness & Mutations

You are immune to sickness and miasma.
Your stone body is resilient. (AC +4)
You are immune to poison.
You resist negative energy. (rN+)
You are resistant to electric shocks. (rElec)
You are resistant to unholy torment.
You are immune to petrification.


   Skills:
 + Level 2.0 Fighting
 - Level 5.1 Ranged Weapons
 - Level 1.0 Armour
 - Level 1.5 Dodging
 - Level 1.0 Spellcasting
 - Level 2.6 Hexes


You had 5 spell levels left.
You knew the following spells:

 Your Spells              Type           Power      Damage    Failure   Level
a - Slow                  Hex            28%        N/A       22%         1

Your spell library contained the following spells:

 Spells                   Type           Power      Damage    Failure   Level
 Inner Flame              Hex/Fire       4%         N/A       73%         3
 Portal Projectile        Hex/Tloc       8%         N/A       73%         3
 Cause Fear               Hex            3%         N/A       91%         4

Inventory:

Hand Weapons
 Y - a +2 sling (weapon)
Armour
 a - a +0 helmet (worn)
 f - a +0 ring mail (worn)
Jewellery
 i - a ring of see invisible (left hand)
Potions
 d - a potion of haste {unknown}
 e - a potion of cancellation {unknown}
 g - 2 potions of curing
 h - a potion of might {unknown}
 j - a potion of heal wounds {unknown}
 k - a potion of mutation {unknown}
 l - a potion of attraction {unknown}
 n - a potion of lignification {unknown}

Dungeon Overview and Level Annotations

Branches:
Dungeon (4/15)
 Temple: D:4-7

Altars:
Cheibriados
Sif Muna


Message History

2183 ||| PLANNING SEWER
Found 5 poisoned darts.
An endoplasm comes into view.
Found a whip.
The endoplasm quivers.
You shoot a sling bullet. The sling bullet hits the endoplasm.
The endoplasm is almost dead.
You shoot a sling bullet. The sling bullet hits the endoplasm.
You kill the endoplasm!
A gnoll comes into view. It is wielding a +0 flail.
Found 4 stones.
The gnoll shouts!
You hear a shout! x2
A gnoll comes into view. It is wielding a +0 club.
You shoot a sling bullet.
The sling bullet closely misses the gnoll.
You hear a shout!
A gnoll comes into view. It is wielding a +1 vampiric spear.
A gnoll comes into view. It is wielding a +0 spear.
You hear an angry hiss.
You shoot a sling bullet. The sling bullet hits the gnoll.
The gnoll is moderately wounded.
The gnoll throws a throwing net.
The throwing net hits you.
You become entangled in the net!
The gnoll hits you but does no damage. The gnoll barely misses you. x2
You struggle against the net.
The gnoll hits you with a +1 vampiric spear.
The gnoll hits you from afar with a +0 spear.
The gnoll hits you with a +0 flail!
You struggle against the net.
The gnoll hits you from afar with a +0 spear.
The gnoll barely misses you. The gnoll hits you with a +0 flail.
2218 ||| READING scroll of teleportation.
As you read the scroll of teleportation, it crumbles to dust.
You feel strangely unstable. The gnoll hits you but does no damage.
You tear a large gash into the net.
The gnoll closely misses you. The gnoll hits you but does no damage.
You rip the net and break free!
The gnoll hits you from afar with a +0 spear.
You die...

..#. # ... ##.# #..
##.#.# #.. ##...(#
#.. ####.....#
#..########.#.......
#.........<#........
#.......###.......
#@###..## ##.....#
#(.ggg# #.## ##....#
###g#.###..##
##.....#
#.#.....#.###......#
# ###.#....#.......#
#....#.........#
#.###.....)....# #.
#........#.# #
#.###.####.#


You could see 4 gnolls.

Vanquished Creatures
  An orc wizard (D:3)
  3 adders
  2 worms (D:2)
  3 dart slugs (D:3)
  8 orcs (D:3)
  6 ball pythons
  6 endoplasms
  A giant cockroach (D:2)
  2 goblins
  6 hobgoblins
  13 jackals
  4 quokkas
  9 bats
  8 frilled lizards
  8 kobolds
  4 rats
84 creatures vanquished.

Notes
Turn   | Place    | Note
-------+----------+-------------------------------------------
     0 | D:1      | qw the Gargoyle Hexslinger began the quest for the Orb.
     0 | D:1      | Reached XP level 1. HP: 12/12 MP: 2/2
     0 | D:1      | 0 ||| qw: Version: 0.3-a-46-gb1f654a
     0 | D:1      | 0 ||| qw: Game counter: 3514
     0 | D:1      | 0 ||| qw: Melee chars always use a shield: true
     0 | D:1      | 0 ||| qw: God list: Okawaru
     0 | D:1      | 0 ||| qw: Allow faded altars: false
     0 | D:1      | 0 ||| qw: Do Orc after clearing Dungeon:15 true
     0 | D:1      | 0 ||| qw: Do second Lair branch before Depths: true
     0 | D:1      | 0 ||| qw: Lair rune preference: random
     0 | D:1      | 0 ||| qw: Goals: Normal
     0 | D:1      | 0 ||| PLANNING D:1-11
   139 | D:1      | Reached XP level 2. HP: 16/16 MP: 3/3
   203 | D:1      | Reached skill level 3 in Ranged Weapons
   421 | D:1      | Reached XP level 3. HP: 21/21 MP: 4/4
   573 | D:1      | 573 ||| UPGRADING to +0 ring mail.
   583 | D:1      | 583 ||| DROPPING +0 robe.
   584 | D:1      | 584 ||| UPGRADING to ring of see invisible.
   585 | D:1      | 585 ||| READING scroll labelled UPROBLO TYROUX.
   590 | D:1      | 590 ||| DROPPING scroll of poison.
   790 | D:2      | Reached XP level 4. HP: 24/26 MP: 5/5
   811 | D:2      | Reached skill level 4 in Ranged Weapons
  1086 | D:2      | Reached skill level 1 in Armour
  1095 | D:2      | 1095 ||| UPGRADING to +0 helmet.
  1100 | D:2      | 1100 ||| DROPPING amulet of magic regeneration.
  1101 | D:2      | 1101 ||| READING scroll labelled ZEKHLIRHEISCH.
  1102 | D:2      | 1102 ||| READING scroll labelled MABREI MAYHIUNNEBB.
  1103 | D:2      | 1103 ||| READING scroll labelled XAQIEZ NAPRY.
  1204 | D:2      | 1204 ||| READING scroll labelled TIRIOTTEIMP.
  1205 | D:2      | 1205 ||| READING scroll labelled BOKIMA KEEMOS.
  1235 | D:3      | 1235 ||| STAIRDANCE
  1399 | D:3      | Found a snail-covered altar of Cheibriados.
  1494 | D:3      | Found a shimmering blue altar of Sif Muna.
  1750 | D:3      | Reached XP level 5. HP: 30/30 MP: 6/6
  2069 | D:3      | 2069 ||| Stepping ~*~*~tactically~*~*~ (outnumbered).
  2087 | D:3      | Reached skill level 5 in Ranged Weapons
  2133 | D:3      | 2133 ||| READING scroll labelled UCSEICVUYXEI.
  2134 | D:3      | 2134 ||| DRINKING 3 silvery potions.
  2183 | D:4      | 2183 ||| PLANNING SEWER
  2217 | D:4      | HP: 2/30 [gnoll/+0 flail (6)]
  2218 | D:4      | 2218 ||| READING scroll of teleportation.
  2220 | D:4      | Slain by a gnoll

Levels and vault maps discovered:
D:1:      scummos_arrival_star, layout_rooms, chequers_serial_rivers_room_b
D:2:      layout_rooms, minmay_misc_feat_nine_boxes, nrook_mini_vaults,
          minmay_misc_feat_enclosed, st_stairs_14
D:3:      layout_basic, mainiacjoe_overflow_catch_the_wave
D:4:      layout_loops_ring, portal_sewer_entry_a, kennysheep_small_circle

Skill      XL: |  1  2  3  4  5 |
---------------+----------------+-----
Ranged Weapons | 3 4 5 |  5.1
Fighting       | 2 |  2.0
Armour         | 1 |  1.0
Dodging        | |  1.5
Spellcasting   | |  1.0
Hexes          | |  2.6

Action                     |  1- 3 |  4- 6 || total
---------------------------+-------+-------++-------
   Fire: Sling             |   145 |   141 ||   286
    Use: Scroll            |     1 |     7 ||     8
         Potion            |       |     1 ||     1
 Armour: Robe              |    19 |       ||    19
         Ring mail         |    21 |    36 ||    57
  Dodge: Dodged            |    53 |    34 ||    87

Table legend:
 A = Non-vault XP
 B = Vault XP
 C = Vault XP percentage of total XP
 D = Non-vault monster count
 E = Vault monster count
 F = Vault count percentage of total count
                 A         B        C        D         E       F
            +---------+---------+-------+---------+---------+-------
      Total |     233 |       3 |   1.3 |      82 |       2 |   2.4
            +---------+---------+-------+---------+---------+-------
        D:1 |      38 |       0 |   0.0 |      22 |       0 |   0.0
        D:2 |      80 |       3 |   3.6 |      29 |       2 |   6.5
        D:3 |     113 |       0 |   0.0 |      30 |       0 |   0.0
        D:4 |       2 |       0 |   0.0 |       1 |       0 |   0.0
            +---------+---------+-------+---------+---------+-------
